Map: Prion Terraces

Players

ZanyCoyote

  • Race: Terran Terran
  • League: Gold

LindyHop - Winner!

  • Race: Zerg Zerg
  • League: Silver

VOD

Have the link to the VOD?

Description

Time

  • Played on: Nov. 28, 2015, 1:51 p.m.
  • Length: 19:07
Show
View Real Time Build Order
Export as new Build Order

ZanyCoyote Terran 

Build Orders:  

Get SALT Encoding   

  12  0:01  SCV  
  13  0:14  SCV  
  14  0:18  Supply Depot  
  14  0:26  SCV  
  15  0:40  SCV  
  16  0:46  Barracks  
  16  0:51  Refinery  
  16  0:52  SCV  
  17  1:04  SCV  
  18  1:17  SCV  
  19  1:34  SCV  
  19  1:39  Command Center  
  20  1:41  Reaper  
  21  1:47  Orbital Command  
  21  1:57  Supply Depot  
  21  2:13  SCV  
  22  2:21  Factory  
  22  2:29  SCV  
  23  2:31  Refinery  
  23  2:35  Barracks Reactor  
  23  2:42  SCV, Barracks  
  24  2:55  Orbital Command  
  24  2:56  SCV  
  25  3:09  Factory Reactor  
  25  3:12  Barracks  
  25  3:13  SCV  
  25  3:14  Marine x2  
  28  3:29  SCV x2  
  28  3:34  Barracks Tech Lab  
  30  3:37  Barracks, Marine  
  30  3:38  Marine  
  32  3:43  Engineering Bay  
  32  3:45  Engineering Bay  
  32  3:46  SCV x2  
  34  3:48  Widow Mine  
  36  4:00  Stimpack  
  36  4:07  SCV  
  36  4:08  SCV  
  38  4:12  Supply Depot  
  38  4:14  Terran Infantry Weapons Level 1  
  38  4:16  Terran Infantry Armor Level 1  
  38  4:17  Marine x2  
  38  4:20  Marauder  
  42  4:25  SCV x2  
  42  4:30  Hellion  
  44  4:47  SCV x2  
  44  4:48  Marine x2  
  44  4:50  Marauder  
  44  4:51  Barracks Reactor  
  44  4:52  Barracks Reactor  
  50  4:57  Refinery  
  50  4:59  SCV x2, Refinery  
  52  5:05  Supply Depot  
  52  5:07  Supply Depot  
  52  5:10  Hellion  
  54  5:25  Armory  
  54  5:26  SCV x2  
  54  5:27  Hellion  
  58  5:30  Starport  
  58  5:31  Hellion  
  58  5:33  Marauder, Marine x3  
  58  5:34  Marine  
  66  5:40  SCV x2  
  68  5:43  Supply Depot  
  68  5:48  Hellion  
  70  6:04  SCV x2, Marine x4  
  70  6:05  Supply Depot, Marine  
  70  6:06  Marine  
  78  6:13  Starport Reactor  
  78  6:20  Supply Depot x2  
  78  6:24  Terran Infantry Weapons Level 2  
  78  6:25  Terran Infantry Armor Level 2  
  78  6:27  SCV x2, Marauder, Marine x3  
  85  6:39  SCV x2, Marine  
  85  6:41  Marine x2  
  85  6:45  Supply Depot  
  85  6:54  Supply Depot, Medivac  
  85  6:55  Medivac  
  85  6:56  Marine x3  
  85  6:57  Marauder  
  94  7:08  SCV x2  
  96  7:18  Barracks  
  96  7:28  SCV x2  
  98  7:39  Marine x2  
  98  7:40  Marine x3  
  98  7:41  Marine, Marauder  
  106  7:46  Command Center  
  106  8:00  Marine x3  
  106  8:01  Marine x2  
  106  8:02  Marauder  
  113  8:05  Medivac  
  113  8:06  Medivac  
  113  8:07  Barracks Tech Lab  
  113  8:09  Barracks  
  117  8:12  Supply Depot  
  117  8:17  Supply Depot x3  
  117  8:18  Marine  
  118  8:34  Marauder, Marine x5  
  118  8:36  SCV  
  118  8:38  SCV  
  119  8:49  Marine  
  119  8:50  Marine  
  119  8:52  Marine  
  119  8:54  Medivac x2  
  126  8:56  Marauder  
  126  8:59  Orbital Command  
  128  9:03  SCV x2  
  128  9:06  Barracks Tech Lab  
  128  9:07  Barracks  
  130  9:14  Supply Depot, Barracks  
  130  9:15  Supply Depot, Barracks  
  130  9:17  SCV x2  
  132  9:19  Terran Infantry Armor Level 3  
  132  9:27  Medivac  
  132  9:30  Marine x4  
  132  9:31  Marauder x2  
  142  9:42  Marine x2  
  144  9:52  Marauder x2  
  141  9:57  Marine x4  
  109  10:01  SCV x2  
  109  10:02  SCV  
  109  10:06  Marine x2, Marauder  
  112  10:09  Medivac  
  112  10:10  Medivac  
  112  10:14  Barracks Reactor, Marine, Marauder  
  118  10:15  Marine x3  
  118  10:16  Barracks Reactor  
  118  10:18  Barracks Tech Lab  
  120  10:27  Marauder  
  122  10:29  Refinery x2  
  122  10:34  SCV x3  
  122  10:35  Marauder  
  127  10:45  Command Center  
  127  10:48  Command Center  
  124  10:50  Command Center  
  124  10:54  Marine x2  
  124  10:55  Marine x2  
  124  10:56  Marine x2, Marauder x2  
  121  11:02  Marine x2  
  122  11:12  Marine  
  123  11:20  Marine x3  
  123  11:21  Marauder, Marine x4  
  123  11:22  Marine x4, Marauder  
  138  11:26  Medivac  
  138  11:30  Marine  
  141  11:32  Supply Depot  
  141  11:35  Supply Depot  
  141  11:38  Marine x3  
  144  11:43  Marine x2  
  144  11:44  Marine x2  
  148  11:57  Marine x2  
  148  11:58  Marine x3  
  153  12:07  Orbital Command  
  127  12:31  Marine x3  
  127  12:32  Marauder x2, Marine x4  
  127  12:45  Orbital Command  
  127  12:53  Planetary Fortress  
  127  12:59  Marine  
  127  13:00  Marine x5  
  127  13:01  Marine x6  
  84  13:40  SCV x2  
  84  13:41  SCV  
  87  13:43  Orbital Command  
  87  13:48  Marine x2  
  87  13:49  Marine x4  
  87  13:50  Marauder x2, Marine x5  
  102  13:58  Medivac  
  104  14:07  SCV  
  104  14:08  SCV  
  106  14:23  SCV x3  
  109  14:53  Command Center  
  109  14:59  Command Center  
  108  15:05  Marine x2  
  108  15:06  Marine x2, Marauder x4  
  116  15:07  Command Center, Marine  
  83  15:23  Marine  
  80  15:35  Marine  
  80  15:42  Marine x4  
  83  15:43  Marine x5  
  83  15:44  Marine x2  
  90  15:59  Marine  
  90  16:00  Marine x2  
  92  16:14  Command Center, Marine x5  
  97  16:19  Command Center  
  97  16:38  Marine x5  
  97  16:39  Marine x4  
  105  16:51  Marine x4  
  97  17:02  Medivac x2  
  97  17:06  Orbital Command  
  74  17:20  Marine x5  
  74  17:21  Marine x6  
  74  17:22  Marine x2  
  77  17:32  Orbital Command  
  77  17:44  Marine x6  
  81  18:09  Marine x4  
  81  18:10  Marine x6  
  81  18:11  Marine x3  
  93  18:24  Command Center  
Show
View Real Time Build Order
Export as new Build Order

LindyHop Zerg - Winner!

Build Orders: Hatch First 

Get SALT Encoding   

  12  0:01  Drone  
  13  0:10  Drone  
  14  0:33  Hatchery  
  13  0:40  Drone  
  14  0:55  Spawning Pool  
  13  0:57  Drone  
  13  1:03  Extractor  
  13  1:08  Overlord  
  13  1:15  Drone  
  14  1:32  Drone x3  
  17  1:43  Queen  
  19  1:56  Queen  
  21  2:01  Drone  
  22  2:09  Metabolic Boost  
  22  2:11  Zergling x2  
  22  2:14  Zergling x2  
  24  2:32  Drone x4  
  28  2:42  Overlord  
  28  2:52  Spine Crawler  
  27  3:02  Drone x3  
  27  3:03  Drone  
  31  3:08  Roach Warren  
  30  3:16  Drone x3  
  30  3:17  Drone  
  34  3:40  Drone x2  
  36  3:42  Overlord x2  
  36  4:02  Overlord  
  35  4:33  Roach x11  
  56  4:41  Zergling x6  
  59  4:49  Hatchery  
  58  5:04  Lair  
  58  5:08  Drone  
  58  5:09  Burrow  
  58  5:11  Overlord  
  58  5:12  Overlord x2  
  59  5:16  Extractor  
  57  5:32  Drone  
  57  5:33  Drone  
  59  5:41  Drone x9  
  68  5:44  Extractor  
  67  5:51  Extractor  
  67  5:55  Evolution Chamber  
  65  6:00  Roach x3  
  65  6:04  Overseer  
  71  6:12  Overseer  
  71  6:25  Roach x3  
  77  6:26  Roach x3  
  83  6:40  Zergling x2  
  83  6:41  Zergling x12  
  83  6:42  Overlord x2  
  90  6:54  Zergling x2  
  89  7:06  Zerg Ground Armor Level 1  
  89  7:09  Baneling Nest  
  89  7:12  Roach  
  89  7:13  Zergling x8  
  94  7:17  Drone x3  
  97  7:34  Drone x6  
  103  7:45  Extractor  
  103  7:47  Extractor  
  103  7:50  Zergling x2  
  103  7:51  Centrifical Hooks, Zergling x8  
  106  8:17  Glial Reconstitution  
  106  8:18  Spire  
  104  8:27  Zergling x2  
  104  8:33  Baneling x2  
  104  8:34  Baneling x6  
  105  8:39  Drone  
  105  8:40  Drone x3  
  104  8:42  Overlord x2  
  104  8:43  Overlord x4  
  103  8:51  Ravager x2  
  105  9:01  Ravager  
  105  9:02  Ravager x3  
  109  9:04  Zergling x8  
  109  9:05  Zergling x6  
  116  9:13  Evolution Chamber  
  108  9:58  Zergling x12  
  108  9:59  Zergling x12  
  103  10:09  Hatchery  
  103  10:11  Queen  
  103  10:12  Extractor  
  103  10:13  Drone x3  
  106  10:14  Hatchery  
  87  11:07  Zergling x10  
  87  11:08  Zergling x20  
  102  11:12  Zerg Ground Armor Level 2, Zerg Melee Weapons Level 1  
  102  11:31  Baneling  
  102  11:32  Mutalisk, Baneling x7  
  102  11:33  Mutalisk x8  
  120  11:45  Mutalisk  
  122  11:48  Roach x6  
  122  11:51  Zerg Flyer Armor Level 1  
  134  12:07  Roach x8  
  134  12:08  Roach x2  
  103  12:34  Zergling x2  
  103  12:35  Zergling x32  
  84  12:54  Baneling  
  84  12:55  Baneling x9  
  84  13:00  Zergling x14  
  84  13:01  Zergling x2  
  69  13:30  Mutalisk  
  69  13:31  Mutalisk x6  
  69  13:32  Mutalisk  
  85  13:39  Drone x4  
  85  13:40  Drone  
  90  13:56  Zerg Flyer Weapons Level 1  
  86  14:12  Zergling x6  
  86  14:13  Zergling x24  
  98  14:33  Baneling x6  
  98  14:34  Baneling x2  
  98  14:38  Mutalisk x8  
  100  14:41  Zergling x2  
  100  14:42  Zergling x2  
  114  15:00  Extractor  
  113  15:11  Mutalisk  
  113  15:12  Mutalisk x5  
  113  15:13  Zergling x2  
  113  15:14  Zergling x16  
  125  15:30  Zergling x2  
  125  15:31  Zergling x8  
  130  15:40  Roach x3  
  130  15:41  Roach x2  
  138  15:58  Mutalisk  
  138  15:59  Mutalisk  
  142  16:06  Mutalisk  
  142  16:07  Mutalisk x2  
  142  16:09  Zergling x2  
  142  16:10  Overlord x4  
  149  16:27  Extractor  
  148  16:36  Zerg Flyer Weapons Level 2  
  148  16:40  Hatchery, Drone x4  
  150  17:07  Mutalisk x4  
  141  17:08  Zergling x2  
  141  17:09  Zergling x26  
  141  17:13  Zergling x6  
  147  17:26  Zergling x2  
  147  17:27  Zergling x8  
  152  17:39  Infestation Pit  
  151  17:48  Overlord x2  
  151  18:02  Baneling x9  
  151  18:03  Baneling x12  
  151  18:52  Drone  
Tags
 
Add a new tag
Caveats
  • Supply blocks, unpowered buildings, or Contaminate may cause inaccurate times.
  • Supply counts are checked every 10 seconds.